 Dungeon Crawl Stone Soup version 0.21.1-1-g345015f (webtiles) character file.

51 appiemonkey the Poker (level 3, 0/30 HPs)
             Began as a Minotaur Gladiator on July 8, 2018.
             Succumbed to a gnoll's poison
             ... on level 2 of the Dungeon.
             The game lasted 00:01:38 (1444 turns).

appiemonkey the Poker (Minotaur Gladiator)          Turns: 1444, Time: 00:01:39

Health: 0/30       AC:  3    Str: 19    XL:     3   Next: 57%
Magic:  0/2        EV: 13    Int: 10    God:
Gold:   83         SH:  0    Dex: 11    Spells: 2/2 levels left

rFire    . . .     SeeInvis .   a - +0 trident
rCold    . . .     Gourm    .   (no shield)
rNeg     . . .     Faith    .   p - -1 leather armour (curse)
rPois    .         Spirit   +   c - +0 hat
rElec    .         Reflect  .   q - +0 cloak (curse)
rCorr    .         Harm     .   (no gloves)
MR       .....                  (no boots)
Stlth    +.........             e - amulet of guardian spirit
HPRegen  0.10/turn              (no ring)
MPRegen  0.08/turn              (no ring)

@: confused, brilliant, lethally poisoned (0 -> -11)
A: retaliatory headbutt, horns 2
a: no special abilities


You were on level 2 of the Dungeon.
You were hungry.

You visited 1 branch of the dungeon, and saw 2 of its levels.

You collected 83 gold pieces.

Inventory:

Hand Weapons
 a - a +0 trident (weapon)
Missiles
 d - 3 throwing nets (quivered)
Armour
 b - a +0 leather armour
 c - a +0 hat (worn)
 p - a cursed -1 leather armour (worn)
 q - a cursed +0 cloak (worn)
Jewellery
 e - an amulet of guardian spirit (around neck)
 n - a cursed ring of loudness {unknown}
Wands
 s - a wand of random effects (27)
Scrolls
 h - a scroll of amnesia {unknown}
 k - a scroll of noise {unknown}
 l - 2 scrolls of remove curse {unknown}
 m - a scroll of immolation {unknown}
 r - 2 scrolls of enchant weapon {unknown}
Potions
 g - a potion of heal wounds {unknown}
 j - 2 potions of mutation {unknown}
 o - a potion of resistance {unknown}
Comestibles
 f - 2 rations


   Skills:
 + Level 2.7 Fighting
 + Level 4.3 Polearms
 + Level 2.2 Throwing
 + Level 1.4 Armour
 + Level 3.7 Dodging
 + Level 0.5 Stealth


You had 2 spell levels left.
You didn't know any spells.

Dungeon Overview and Level Annotations

Branches:
Dungeon (2/15)

Altars:
Sif Muna
Trog
Wu Jian
Xom


Innate Abilities, Weirdness & Mutations

You reflexively headbutt those who attack you in melee.
You have a pair of horns on your head.


Message History

You hit the gnoll. Your headbutt misses the gnoll.
The gnoll is moderately wounded.
The gnoll hits you with a dagger of chaos.
Space warps horribly around you!
You closely miss the gnoll. You headbutt the gnoll.
The gnoll is heavily wounded.
The gnoll hits you with a dagger of chaos.
The gnoll freezes you.
The gnoll hits you with a dagger of chaos.
* * * LOW HITPOINT WARNING * * *
You are confused.
You are too injured to fight recklessly!
The gnoll hits you with a dagger of chaos!
* * * LOW HITPOINT WARNING * * *
You are lethally poisoned!
Found a shimmering altar of Xom.
Unknown command.
It was a potion of brilliance.
You feel clever all of a sudden.
You die...

### ##########. #####
≈_.≈# ........##.
####...# .#.#..#
#########.##. .....###
#⌠#⌠##.#####............
....>.#
..≈≈≈≈#≈#............##.
##....#
##⌠.######.####....##.
#.#.## ≈ .g..# #.#
#....### #.#.# ..⌠###.^#
#.# #....# # ##.#.##
^#.#..≈@####.####..#.###
......#
≈.#.^#g...##.......#..##
##.#..#
.#..#..##..............(
#.#### ..#....
####.......#...# #.#
.≈.#.#. #.#######.#.#
#.# .#.≈≈.. #.# #.....
#.# ≈#⌠# #≈ #.# #.(.#.
#.# ### ≈≈. ## #.#
#...#. #.###.###≈ .# #.#
#...##


You could see 2 gnolls.

Vanquished Creatures
  2 adders (D:2)
  3 dart slugs
  2 bats (D:1)
  A giant cockroach (D:1)
  3 goblins
  5 hobgoblins
  2 ball pythons (D:1)
  2 frilled lizards (D:1)
  4 kobolds
  4 rats
28 creatures vanquished.

Notes
Turn   | Place    | Note
-------+----------+-------------------------------------------
     0 | D:1      | appiemonkey the Minotaur Gladiator began the quest for the Orb.
     0 | D:1      | Reached XP level 1. HP: 18/18 MP: 0/0
   200 | D:1      | Reached XP level 2. HP: 25/25 MP: 1/1
   366 | D:1      | Reached skill level 4 in Polearms
   824 | D:2      | Reached skill level 1 in Armour
   824 | D:2      | Reached XP level 3. HP: 25/30 MP: 0/2
   867 | D:2      | Found an ornate altar of the Wu Jian Council.
   903 | D:2      | Found a bloodstained altar of Trog.
  1050 | D:2      | Found a deep blue altar of Sif Muna.
  1443 | D:2      | Found a shimmering altar of Xom.
  1443 | D:2      | HP: 1/30 [gnoll/dagger of chaos (8)]
  1444 | D:2      | Succumbed to a gnoll's poison

Skill      XL: |  1  2 |
---------------+-------+-----
Polearms       | 4 |  4.3
Armour         | 1 |  1.4
Fighting       | |  2.7
Throwing       | |  2.2
Dodging        | |  3.7
Stealth        | |  0.5

Action                   || total
-------------------------++-------
Melee: Trident           ||    70
       Headbutt          ||     4
  Use: Potion            ||     1
 Stab: Distracted        ||     1
  Eat: Chunk             ||     1
Armor: Leather armour    ||     7
Dodge: Dodged            ||    25
